 Dungeon Crawl Stone Soup version 0.30-a0-371-gad7725a93e (webtiles) character file.

Game seed: 9309062613382617088

711 MachoJfn the Chiller (level 7, -2/51 HPs)
             Began as a Demonspawn Ice Elementalist on Nov 19, 2022.
             Was an Initiate of Ashenzari.
             Slain by Pikel
             ... wielding a +2 whip of freezing
              (6 damage)
             ... on level 5 of the Dungeon on Nov 21, 2022.
             The game lasted 00:34:12 (4360 turns).

MachoJfn the Chiller (Demonspawn Ice Elementalist)  Turns: 4360, Time: 00:34:13

Health: -2/51      AC:  7    Str: 10    XL:     7   Next: 40%
Magic:  9/11       EV: 13    Int: 17    God:    Ashenzari [......]
Gold:   279        SH:  0    Dex: 13    Spells: 6/12 levels left

rFire   . . .      SeeInvis .    f - +1 hand axe (venom)
rCold   . . .      Faith    .    (no shield)
rNeg    . . .      Spirit   .    a - +0 robe
rPois   .          Reflect  .    (no helmet)
rElec   .          Harm     .    k - +0 cloak "Revealing Water Diviner" {Fort, Evo} (curse)
rCorr   .          Rampage  .    (no gloves)
Will    .....                    m - +0 pair of boots
Stlth   ++........               (no amulet)
HPRegen 0.28/turn                (no ring)
MPRegen 0.12/turn                (no ring)

@: no status effects
A: thin metallic scales 2, demonic magic 1, demonic touch 1
a: Renounce Religion, Shatter the Chains


You were on level 5 of the Dungeon.
You worshipped Ashenzari.
Ashenzari was noncommittal.
You visited 2 branches of the dungeon, and saw 6 of its levels.

You collected 279 gold pieces.

Inventory:

Hand Weapons
 f - a +1 hand axe of venom (weapon)
Armour
 a - a +0 robe (worn)
 k - the cursed +0 cloak "Revealing Water Diviner" (worn) {Fort, Evo}
   (You found it on level 3 of the Dungeon)

   It has a curse which improves the following skills: Fortitude: Armour and
   Shields.
   Evocations: Evocations.
 m - a +0 pair of boots (worn)
Magical Staves
 c - a staff of air
 e - a staff of fire
Wands
 t - a wand of flame (15)
Scrolls
 j - 2 scrolls of identify
 n - 2 scrolls of teleportation
 r - 2 scrolls of magic mapping {unknown}
 s - a scroll of vulnerability {unknown}
 u - a scroll of butterflies {unknown}
Potions
 b - a potion of magic
 d - 4 potions of curing
 g - a potion of attraction {unknown}
 h - a potion of berserk rage {unknown}
 i - 4 potions of heal wounds
 l - a potion of might {unknown}
 o - a potion of mutation {unknown}
 p - a potion of cancellation {unknown}
 q - a potion of invisibility {unknown}


   Skills:
 + Level 2.7 Fighting
 + Level 3.7 Axes
 + Level 3.1 Dodging
 + Level 3.6 Stealth
 + Level 3.0 Spellcasting
 + Level 4.9 Ice Magic


You had 6 spell levels left.
You knew the following spells:

 Your Spells              Type           Power      Damage    Failure   Level
a - Freeze                Ice            76%        1d8       2%          1
b - Frozen Ramparts       Ice            38%        1d6       7%          3
c - Ensorcelled Hibernat  Hex/Ice        20%        N/A       10%         2

Your spell library contained the following spells:

 Spells                   Type           Power      Damage    Failure   Level
 Ozocubu's Armour         Ice            19%        N/A       7%          3
 Apportation              Tloc           4%         N/A       17%         1
 Passwall                 Tmut/Erth      1%         N/A       26%         2
 Swiftness                Air            2%         N/A       45%         3
 Summon Ice Beast         Ice/Summ       10%        N/A       54%         4
 Alistair's Intoxication  Tmut/Pois      1%         N/A       99%         5
 Summon Forest            Summ/Tloc      1%         N/A       99%         5
 Summon Mana Viper        Hex/Summ       2%         N/A       99%         5
 Summon Cactus Giant      Summ           1%         N/A       100%        6


Dungeon Overview and Level Annotations

Branches:
Dungeon (5/15)             Temple (1/1) D:4

Altars:
Ashenzari
Cheibriados
Fedhas
Gozag
Kikubaaqudgha
Makhleb
Okawaru
Qazlal
Ru
Trog
Uskayaw
Wu Jian
Yredelemnul

Shops:
D:3 [

Annotations:
D:5 Pikel


Innate Abilities, Weirdness & Mutations

You are mostly covered in thin metallic scales. (AC +3)
Spells you cast may paralyse adjacent enemies.
Your touch may inflict minor irresistible damage on your foes.


Message History

Confirm with . or Enter, or press ? or * to list all spells.
Aiming: Ensorcelled Hibernation (safe; 10% risk of failure)
Press: ? - help, Shift-Dir - straight line, f - Pikel
Aim: Pikel, wielding a +2 whip of freezing and wearing a +0 robe (fast, chance to affect: 44%) Pikel resists with some effort.
Malevolent energies surge around you.
The lemure shouts!
Pikel says, "You'll feel the lick of my whip!"
You barely miss Pikel. Your touch misses Pikel.
Pikel hits you with a +2 whip of freezing.
Pikel freezes you.
Pikel hits you with a +2 whip of freezing.
Pikel freezes you.
You hit Pikel but do no damage.
Pikel is poisoned.
Pikel hits you with a +2 whip of freezing!
Pikel freezes you.
You barely miss Pikel. You hit the lemure but do no damage.
Pikel hits you with a +2 whip of freezing.
Pikel freezes you. The lemure barely misses you.
Pikel hits you with a +2 whip of freezing!
Pikel freezes you.
* * * LOW HITPOINT WARNING * * *
You hit Pikel.
Pikel looks even sicker.
You touch Pikel!
Pikel is moderately wounded.
You hit the lemure but do no damage.
The lemure is poisoned.
Pikel hits you but does no damage. The lemure hits you.
* * * LOW HITPOINT WARNING * * *
Pikel closely misses you.
You hit Pikel but do no damage.
Pikel looks as sick as possible!
Pikel is moderately wounded.
You closely miss the lemure. The lemure closely misses you.
Pikel closely misses you. The lemure hits you but does no damage.
You hit Pikel.
Pikel looks as sick as possible!
Pikel is almost dead.
You hit the lemure.
Pikel hits you with a +2 whip of freezing!
* * * LOW HITPOINT WARNING * * *
Pikel freezes you.
* * * LOW HITPOINT WARNING * * *
Pikel hits you with a +2 whip of freezing.
You die...

#.# #.######
#.#....# #.#..?.#
#.#.)..# .## .#
#......#. ..
..#### ##.5....$.
#.##) ..####.@K#
###....
#..#....##
.....## #....##.#
#....###..####.#
#...........#.##
#.<###....#....#
##..##..##......#
#......#######.##
##.#..### #.#


You could see Pikel (fast, extremely poisoned) and a lemure (very poisoned).

Vanquished Creatures
  A black bear (D:5)
  An ogre (D:4)
  A phantom (D:4)
  3 lemures (D:5)
  A necrophage (D:5)
  3 scorpions
  A hound (D:5)
  10 adders
  An ufetubus (D:4)
  A worm (D:2)
  2 dart slugs
  4 orcs
  9 ball pythons
  12 endoplasms
  4 giant cockroaches
  4 goblins
  7 hobgoblins
  4 jackals (D:2)
  5 quokkas
  7 bats
  2 frilled lizards
  8 kobolds
  6 rats
97 creatures vanquished.

Notes
Turn   | Place    | Note
-------+----------+-------------------------------------------
     0 | D:1      | MachoJfn the Demonspawn Ice Elementalist began the quest
                  | for the Orb.
     0 | D:1      | Reached XP level 1. HP: 13/13 MP: 3/3
   121 | D:1      | Reached skill level 4 in Ice Magic
   126 | D:1      | Gained mutation: Spells you cast may paralyse adjacent
                  | enemies. [demonic ancestry]
   126 | D:1      | Reached XP level 2. HP: 19/19 MP: 5/5
   792 | D:2      | Gained mutation: You are partially covered in thin metallic
                  | scales. (AC +2) [demonic ancestry]
   792 | D:2      | Reached XP level 3. HP: 4/24 MP: 2/6
   997 | D:2      | Learned a level 3 spell: Frozen Ramparts
  1046 | D:2      | Learned a level 2 spell: Ensorcelled Hibernation
  1455 | D:2      | Reached skill level 1 in Axes
  1455 | D:2      | Reached XP level 4. HP: 6/30 MP: 7/7
  2216 | D:3      | Upgraded the game from 0.30-a0-368-g86fb4627a9 to
                  | 0.30-a0-371-gad7725a93e
  2418 | D:3      | Found Fatse's Armour Shop.
  2858 | D:4      | Found a broken altar of Ashenzari.
  2862 | D:4      | Gained mutation: Your touch may inflict minor irresistible
                  | damage on your foes. [demonic ancestry]
  2862 | D:4      | Reached XP level 5. HP: 36/36 MP: 8/8
  2868 | D:4      | Became a worshipper of Ashenzari the Shackled
  2887 | D:4      | Noticed an ogre
  2894 | D:4      | Killed an ogre
  2895 | D:4      | Reached skill level 1 in Fighting
  3052 | D:4      | Reached XP level 6. HP: 43/43 MP: 8/10
  3230 | D:4      | Found a staircase to the Ecumenical Temple.
  3245 | Temple   | Entered the Ecumenical Temple
  3763 | D:5      | Entered Level 5 of the Dungeon
  3900 | D:5      | Gained mutation: You are mostly covered in thin metallic
                  | scales. (AC +3) [demonic ancestry]
  3900 | D:5      | Reached XP level 7. HP: 32/49 MP: 11/11
  4350 | D:5      | Noticed Pikel
  4360 | D:5      | Slain by Pikel

Illustrated notes

Levels and vault maps discovered:
D:1:      dpeg_arrival_shrine, layout_basic
D:2:      layout_rooms
D:3:      layout_rooms, old_standard_altar, serial_shops, shop,
          serial_park_tiny_2, st_stairs_5, minmay_ruptured
D:4:      layout_cave_pods, cheibrodos_ashenzari_chains,
          minmay_temple_entry_mist
D:5:      layout_rooms, uniq_eustachio, uniq_pikel
Temple:   nicolae_temple_ecumenical_triangle

Skill      XL: |  1  2  3  4  5  6  7 |
---------------+----------------------+-----
Ice Magic      | 4 |  4.9
Stealth        | 2 3 |  3.6
Axes           | 1 2 3 |  3.7
Dodging        | 2 3 |  3.1
Fighting       | 1 2 |  2.7
Spellcasting   | 3 |  3.0

Action                   |  1- 3 |  4- 6 |  7- 9 || total
-------------------------+-------+-------+-------++-------
Melee: Staff             |    14 |       |       ||    14
       Hand axe          |    66 |   131 |    47 ||   244
       Punch             |     2 |     1 |       ||     3
       Touch             |       |     8 |     8 ||    16
 Cast: Freeze            |    29 |     2 |       ||    31
       Frozen Ramparts   |     2 |     2 |       ||     4
       Ensorcelled Hiber |       |       |     2 ||     2
Invok: Curse Item        |       |     1 |       ||     1
  Use: Scroll            |     2 |     7 |       ||     9
 Stab: Paralysed         |     3 |     3 |       ||     6
       Sleeping          |       |     4 |     1 ||     5
Armor: Robe              |    31 |    33 |    18 ||    82
Dodge: Dodged            |   110 |   104 |    41 ||   255

Table legend: (Time is in decaauts)
 A = Elapsed time spent in this place.
 B = Non-inter-level travel time spent in this place.
 C = Inter-level travel time spent in this place.
 D = Time resting spent in this place.
 E = Time spent auto-exploring this place.
 F = Levels seen in this place.
 G = Mean time per level.
                   A        B        C        D        E       F      G
               +--------+--------+--------+--------+--------+-----+--------+
         Total |   4419 |   3555 |    864 |   1498 |   1181 |   6 |  736.5 |
       Dungeon |   4386 |   3553 |    833 |   1498 |   1181 |   5 |  877.2 |
        Temple |     32 |      1 |     31 |      0 |      0 |   1 |   32.0 |
               +--------+--------+--------+--------+--------+-----+--------+

Top non-repeatable levels by time:
     D:2: 1385 daAuts
     D:4: 1079 daAuts
     D:1: 787 daAuts
     D:5: 604 daAuts
     D:3: 529 daAuts
  Temple: 32 daAuts
